Map: Honorgrounds LE

Players

puCK (Nina)

  • Race: Protoss Protoss
  • Spawn Location: 5:00

uThermal - Winner!

  • Race: Terran Terran
  • Spawn Location: 1:00

Event: WCS Austin 2017

VOD

Have the link to the VOD?

Description

Time

  • Played on: April 28, 2017, 10:13 p.m.
  • Length: 8:25

All games in this series

Show
View Real Time Build Order
Export as new Build Order

puCK Protoss 

Build Orders: 1 Gate Expand 

Get SALT Encoding   

  12  0:00  Probe (Chrono Boost)  
  13  0:11  Probe (Chrono Boost)  
  14  0:18  Pylon  
  14  0:22  Probe (Chrono Boost)  
  15  0:36  Probe (Chrono Boost)  
  15  0:37  Gateway  
  16  0:42  Assimilator  
  16  0:47  Probe (Chrono Boost)  
  17  0:57  Probe (Chrono Boost)  
  18  1:08  Probe (Chrono Boost)  
  20  1:18  Probe (Chrono Boost)  
  20  1:28  Nexus  
  20  1:39  Cybernetics Core  
  20  1:41  Probe (Chrono Boost)  
  20  1:46  Assimilator  
  21  1:52  Probe (Chrono Boost)  
  22  2:00  Pylon  
  22  2:03  Probe (Chrono Boost)  
  23  2:14  Warp Gate  
  23  2:16  Stalker  
  27  2:28  Robotics Facility  
  26  2:30  Probe (Chrono Boost)  
  26  2:40  Mothership Core (Chrono Boost), Probe (Chrono Boost)  
  29  2:46  Stalker  
  31  2:53  Probe (Chrono Boost)  
  32  3:03  Gateway  
  32  3:06  Gateway  
  32  3:09  Probe (Chrono Boost)  
  32  3:12  Probe (Chrono Boost)  
  34  3:18  Warp Prism  
  34  3:27  Probe (Chrono Boost)  
  37  3:28  Probe (Chrono Boost)  
  38  3:35  Pylon  
  38  3:39  Probe (Chrono Boost)  
  38  3:41  Probe (Chrono Boost)  
  40  3:44  Stalker  
  42  3:51  Probe (Chrono Boost)  
  42  3:53  Observer, Probe (Chrono Boost)  
  42  3:54  Pylon  
  46  4:03  Probe (Chrono Boost)  
  46  4:07  Probe (Chrono Boost)  
  47  4:15  Probe (Chrono Boost)  
  47  4:17  Observer, Stalker x2  
  50  4:19  Probe (Chrono Boost)  
  54  4:27  Assimilator, Probe (Chrono Boost)  
  54  4:29  Pylon  
  56  4:33  Robotics Bay  
  56  4:41  Stalker x2  
  56  4:44  Stalker  
  61  4:48  Probe (Chrono Boost)  
  62  5:01  Pylon  
  62  5:03  Observer  
  54  5:09  Stalker  
  54  5:11  Zealot x2  
  52  5:33  Stalker x2  
  54  5:42  Stalker  
  54  5:51  Pylon  
  54  5:55  Pylon  
  56  5:58  Mothership Core (Chrono Boost)  
  56  6:01  Zealot x2  
  60  6:07  Pylon  
  60  6:09  Pylon  
  40  6:35  Stalker x2  
  39  6:57  Pylon  
  39  7:00  Probe (Chrono Boost)  
  28  7:18  Zealot  
  25  7:39  Probe (Chrono Boost)  
Show
View Real Time Build Order
Export as new Build Order

uThermal Terran - Winner!

Build Orders:  

Get SALT Encoding   

  12  0:01  SCV  
  13  0:13  SCV  
  14  0:17  Supply Depot  
  14  0:25  SCV  
  15  0:39  SCV  
  15  0:40  Barracks  
  16  0:45  Refinery  
  16  0:51  SCV  
  17  1:03  SCV  
  18  1:15  SCV  
  19  1:27  Marine  
  19  1:28  Orbital Command  
  20  1:42  Command Center  
  20  1:53  SCV  
  21  1:57  Factory  
  21  2:05  Barracks Reactor, SCV  
  22  2:10  Supply Depot  
  22  2:17  SCV  
  22  2:20  Refinery  
  23  2:31  SCV  
  24  2:42  Starport  
  24  2:43  Marine x2, SCV  
  27  2:47  Widow Mine  
  29  2:55  SCV  
  29  2:56  Orbital Command  
  30  3:01  Marine  
  30  3:02  Marine  
  32  3:08  SCV  
  33  3:18  Widow Mine, Medivac  
  37  3:20  Marine, SCV  
  37  3:24  SCV  
  40  3:28  Marine  
  40  3:32  SCV  
  42  3:34  Supply Depot  
  42  3:36  SCV  
  43  3:41  Marine  
  43  3:44  SCV  
  43  3:46  Marine  
  46  3:55  Widow Mine, Medivac, SCV  
  46  3:56  Engineering Bay  
  46  4:01  Supply Depot, Marine  
  52  4:04  Marine  
  52  4:07  SCV  
  54  4:11  Supply Depot  
  54  4:17  Liberator  
  54  4:22  SCV x2  
  54  4:24  Terran Infantry Weapons Level 1  
  56  4:27  Missile Turret  
  56  4:28  Missile Turret  
  56  4:32  Factory Tech Lab  
  56  4:34  SCV x2  
  61  4:40  Supply Depot, Marine  
  63  4:46  SCV  
  63  4:47  SCV  
  63  4:52  Siege Tank  
  64  4:57  Marine  
  64  4:59  SCV x2  
  67  5:08  Supply Depot  
  67  5:10  Supply Depot  
  67  5:11  SCV x2  
  67  5:12  Marine  
  67  5:23  SCV  
  55  5:42  Siege Tank  
  57  6:05  SCV  
  57  6:06  Supply Depot  
  54  6:20  SCV  
  54  6:32  SCV  
  51  6:44  SCV  
  54  6:52  Viking  
  50  6:56  SCV  
  50  7:09  Hellion  
  52  7:22  Missile Turret  
  39  7:33  SCV  
  26  7:39  Widow Mine  
  26  7:45  SCV  
  27  7:58  SCV  
  28  8:10  SCV  
Tags
 
Add a new tag
Caveats
  • Supply blocks, unpowered buildings, or Contaminate may cause inaccurate times.
  • Supply counts are checked every 10 seconds.